 Dungeon Crawl Stone Soup version coffee-0.2.0 (webtiles) character file.

Game seed: 16967832963436331242, levelgen mode: deterministic

38 Dorkslayer the Skirmisher (level 3, -9/29 HPs)
             Began as a Demonspawn Fighter on Nov 1, 2020.
             Killed from afar by an orc wizard (10 damage)
             ... with a puff of flame
             ... on level 2 of the Dungeon.
             The game lasted 00:02:19 (900 turns).

Dorkslayer the Skirmisher (Demonspawn Fighter)       Turns: 900, Time: 00:02:19

Health: -9/29      AC:  7    Str: 17    XL:     3   Next: 25%
Magic:  3/3        EV:  9    Int:  9    God:
Gold:   46         SH:  9    Dex: 12    Spells: 2/2 levels left

rFire    . . .     SeeInvis .   e - +4 short sword
rCold    . . .     Gourm    .   c - +0 kite shield
rNeg     . . .     Faith    .   b - +0 scale mail
rPois    .         Spirit   .   (no helmet)
rElec    .         Reflect  .   (no cloak)
rCorr    .         Harm     .   (no gloves)
MR       .....                  (no boots)
Stlth    ++........             (no amulet)
HPRegen  0.09/turn              (no ring)
MPRegen  0.08/turn              (no ring)

@: mighty
A: nightstalker 1
a: no special abilities


You were on level 2 of the Dungeon.
You were not hungry.

You visited 1 branch of the dungeon, and saw 2 of its levels.

You collected 46 gold pieces.

Inventory:

Hand Weapons
 a - a +0 long sword
 e - a +4 short sword (weapon)
Missiles
 i - 7 boomerangs of dispersal (quivered)
Armour
 b - a +0 scale mail (worn)
 c - a +0 kite shield (worn)
Scrolls
 g - a scroll of holy word
Comestibles
 f - a ration
 h - 4 chunks of flesh


   Skills:
 + Level 3.2(4.6) Fighting
 + Level 0.9(1.4) Short Blades
 + Level 1.7(1.9) Long Blades
 + Level 3.0(4.2) Armour
 + Level 0.3(3.8) Stealth
 + Level 3.2(4.3) Shields


You had 2 spell levels left.
You didn't know any spells.
Your spell library was empty.

Dungeon Overview and Level Annotations

Branches:
Dungeon (2/10)
 Temple: D:2

Altars:

Shops:
D:1 }


Innate Abilities, Weirdness & Mutations

You are slightly more attuned to the shadows.


Message History

Things that are here:
a +0 club; a hobgoblin skeleton You bump into the rock wall.
You bump into the rock wall.
You bump into the rock wall.
You feel less confused.
You feel very mighty all of a sudden. You block the orc wizard's attack.
You closely miss the orc wizard.
The orc wizard hits you but does no damage.
You closely miss the orc wizard.
The orc wizard gestures at you while chanting.
The magic dart hits you!
* * * LOW HITPOINT WARNING * * *
The orc wizard hits you but does no damage.
Your shield and scale mail prevent you from hitting the orc wizard.
The orc shouts!
You hear a shout!
The orc wizard casts a spell at you. The puff of flame hits you!
You die...

##...........
...........#
#....%....#
#####o##...#
#.# .. #)# #.#
#####o####
#.....@..#
#...รท....#
#..<.....#
#.####........#
........#######
......###
...... ......
......


You could see an orc wizard and an orc.

Vanquished Creatures
  An adder (D:2)
  A worm (D:2)
  2 leopard geckos
  A giant cockroach (D:1)
  A goblin (D:1)
  4 hobgoblins
  3 jackals (D:1)
  A kobold (D:1)
  2 quokkas (D:2)
  3 bats
  A frilled lizard (D:1)
  3 rats (D:1)
23 creatures vanquished.

Notes
Turn   | Place    | Note
-------+----------+-------------------------------------------
     0 | D:1      | Dorkslayer the Demonspawn Fighter began the quest for the
                  | Orb.
     0 | D:1      | Reached XP level 1. HP: 18/18 MP: 1/1
   246 | D:1      | Found Gepeerosy's Gadget Emporium.
   278 | D:1      | Gained mutation: You are slightly more attuned to the
                  | shadows. [demonic ancestry]
   278 | D:1      | Reached XP level 2. HP: 24/24 MP: 2/2
   867 | D:2      | Reached XP level 3. HP: 27/29 MP: 3/3
   899 | D:2      | HP: 1/29 [orc wizard/magic dart (7)]
   900 | D:2      | Killed from afar by an orc wizard

Levels and vault maps discovered:
D:1:      dpeg_arrival_shelter, layout_basic, serial_shops,
          nicolae_shop_behind_doors
D:2:      layout_rooms, minmay_temple_entry_drinking_statues, serial_shops,
          nicolae_shop_trees, first_ration

Skill      XL: |  1  2 |
---------------+-------+-----
Shields        | 3 |  3.2
Armour         | 3 |  3.0
Fighting       | |  3.2
Short Blades   | |  0.9
Long Blades    | |  1.7
Stealth        | |  0.3

Action                   || total
-------------------------++-------
Melee: Short sword       ||    66
       Long sword        ||     1
  Use: Potion            ||     1
 Stab: Sleeping          ||     7
Armor: Scale mail        ||    23
Dodge: Dodged            ||    14
Block: Kite shield       ||    28
